 Dungeon Crawl Stone Soup version 0.19-a0-1168-g98094fc (webtiles) character file.

2373 seren the Changer (level 9, -2/70 HPs)
             Began as a Red Draconian Transmuter on Aug 15, 2016.
             Was a Follower of Makhleb.
             Slain by an orc warrior
             ... wielding a +0 glaive
              (10 damage)
             ... on level 7 of the Dungeon.
             The game lasted 00:38:35 (10755 turns).

seren the Changer (Red Draconian Transmuter)       Turns: 10755, Time: 00:38:35

Health: -2/70      AC:  7    Str: 12 (15) XL:     9   Next: 21%
Magic:  15/15      EV: 22    Int: 14 (15) God:    Makhleb [*.....]
Gold:   365        SH:  0    Dex: 20 (21) Spells: 4 memorised, 5 levels left

rFire  + . .     SeeInvis .       - Unarmed
rCold  . . .     Gourm    .     (armour unavailable)
rNeg   . . .     Faith    .     (no shield)
rPois  .         Spirit   .     (helmet restricted)
rElec  .         Dismiss  .     (no cloak)
rCorr  .         Reflect  .     (no gloves)
MR     .....     Harm     .     (no boots)
Stlth  +++.......               (no amulet)
                                h - +5 ring of dexterity
                                p - ring of flight

@: agile, exhausted, appendage, hasted and slowed
A: breathe fire, unfitting armour, horns 2, fire resistance 1, cold-blooded, AC
+7
a: Breathe Fire, End Transformation, Renounce Religion, Evoke Flight


You were on level 7 of the Dungeon.
You worshipped Makhleb.
Makhleb was aware of your devotion.
You were very hungry.
You had grown temporary horns.
You visited 2 branches of the dungeon, and saw 8 of its levels.

You collected 387 gold pieces.
You spent 22 gold pieces at shops.

Inventory:

Hand Weapons
 K - the +5 hand axe of a bailey {chop, Str+3, unknown}
   (You found it on level 6 of the Dungeon)

   It inflicts extra damage upon your enemies.
   It affects your strength (+3).
Missiles
 a - 49 arrows
 j - 171 stones
 A - 6 tomahawks (quivered)
 L - 2 throwing nets
Armour
 g - a +0 buckler
Magical Staves
 s - an uncursed staff of air
Jewellery
 h - a +5 ring of dexterity (right hand)
 p - a ring of flight (left hand)
Wands
 x - a wand of hasting (6/9)
 z - a wand of lightning (7/15)
 H - a wand of digging (6/24)
Scrolls
 d - a scroll of amnesia
 i - a scroll of remove curse
 k - a scroll of enchant weapon {unknown}
 m - 4 scrolls of immolation
 t - a scroll of blinking
 v - a scroll of recharging
 w - a scroll of random uselessness {unknown}
 y - a scroll of identify {unknown}
 C - a scroll of noise {unknown}
 D - a scroll of teleportation {unknown}
 F - a scroll of enchant armour {unknown}
Potions
 e - a potion of degeneration
 l - a potion of haste
 n - 2 potions of cancellation {unknown}
 o - a potion of curing {unknown}
 q - 2 potions of lignification {unknown}
 u - a potion of magic {unknown}
 B - a potion of brilliance {unknown}
 E - a potion of berserk rage
 G - a potion of might {unknown}
Books
 b - a book of Changes

   Spells                             Type                      Level
   a - Beastly Appendage              Transmutation                1
   b - Sticks to Snakes               Transmutation                2
   c - Spider Form                    Transmutation/Poison         3
   d - Ice Form                       Ice/Transmutation            4
   e - Blade Hands                    Transmutation                5
 I - a book of Fire

   Spells                             Type                      Level
   a - Ignite Poison                  Fire/Transmutation/Poison    3
   b - Fireball                       Conjuration/Fire             5
   c - Bolt of Fire                   Conjuration/Fire             6
   d - Delayed Fireball               Conjuration/Fire             7
   e - Ring of Flames                 Charms/Fire                  7
Comestibles
 c - 5 bread rations
 r - 2 meat rations
 J - a royal jelly
 M - 3 fruits
 N - a chunk of flesh


   Skills:
 + Level 3.2 Fighting
 - Level 6.4 Dodging
 * Level 6.8 Unarmed Combat
 - Level 4.0 Spellcasting
 - Level 7.0 Transmutations


You had 5 spell levels left.
You knew the following spells:

 Your Spells              Type           Power        Failure   Level  Hunger
a - Beastly Appendage     Tmut           ###...       1%          1    None
b - Sticks to Snakes      Tmut           ###.....     1%          2    ##.....
c - Spider Form           Tmut/Pois      ##........   14%         3    ###....
d - Blade Hands           Tmut           ###.......   30%         5    ######.


Dungeon Overview and Level Annotations

Branches:
Dungeon (7/15)             Temple (1/1) D:6

Altars:
Ashenzari
Cheibriados
Dithmenos
Fedhas
Gozag
Hepliaklqana
Kikubaaqudgha
Makhleb
Okawaru
Pakellas
Qazlal
Sif Muna
Trog
Uskayaw
Vehumet
Xom
Yredelemnul
Zin
The Shining One

Shops:
D:6 (

Annotations:
D:3 Terence
D:7 seren's ghost, novice DrTm


Innate Abilities, Weirdness & Mutations

You can breathe blasts of fire.
Your fiery red scales are hard. (AC +7)
Your body does not fit into most forms of armour.
Your flesh is heat resistant. (rF+)
You are cold-blooded and may be slowed by cold attacks.
You have a pair of horns on your head.


Message History

The orc warrior closely misses you. The orc warrior completely misses you.
Things that are here:
a flail; a dagger; a robe You hit the orc warrior but do no damage.
The orc warrior hits you with a glaive!!
* * * LOW HITPOINT WARNING * * *
You are too injured to fight recklessly!
You are too injured to fight recklessly!
You are too injured to fight recklessly!
You are too injured to fight recklessly!
It was a potion of degeneration.
There was something very wrong with that liquid.
You feel weakened.
You feel dopey.
You feel clumsy. The orc warrior completely misses you.
It was a potion of agility.
You feel agile all of a sudden. The orc warrior completely misses you.
It was a potion of haste.
You feel yourself speed up. The orc warrior hits you with a glaive!
You die...

.......#.....÷ #..#..#.
.......#...(..
.....#.###............
.......##............
#..........%.........
.###........#...........
...'....................
...#...##†.......#......
......o@').....#........
........#).....#.#......
........#......#........
........................
.##.....................
#.....#
#.....................
......#
#........#.#..........
......#
##.#.....#.#..........
......#
#.#.....#.#?.........


You could see an orc warrior.

Vanquished Creatures
  An ice beast (D:6)
  A sky beast (D:6)
  2 black bears
  4 ogres
  3 giant frogs
  A scorpion (D:6)
  3 wights (D:6)
  2 howler monkeys
  A crimson imp (D:6)
  A centaur zombie (D:5)
  2 orc priests (D:7)
  5 hounds
  3 jellies
  2 giant frog skeletons
  A centaur skeleton (D:6)
  3 iguanas
  7 orc wizards
  4 worker ants
  A hound zombie (D:4)
  Robin (D:3)
  7 gnolls
  18 adders
  2 shadow imps (D:5)
  3 oozes
  2 worms
  2 dart slugs
  6 giant geckos
  13 orcs
  7 giant cockroaches
  18 goblins
  9 hobgoblins
  7 jackals
  7 kobolds
  2 quokkas
  8 bats
  5 giant newts
  A jackal skeleton (D:6)
  A jackal zombie (D:7)
  2 rats
168 creatures vanquished.

Vanquished Creatures (collateral kills)
  A phantom (D:4)
1 creature vanquished.

Grand Total: 169 creatures vanquished

Notes
Turn   | Place    | Note
-------+----------+-------------------------------------------
     0 | D:1      | seren the Draconian Transmuter began the quest for the Orb.
     0 | D:1      | Reached XP level 1. HP: 16/16 MP: 3/3
   501 | D:1      | Reached XP level 2. HP: 11/23 MP: 5/5
  1439 | D:1      | Reached XP level 3. HP: 27/28 MP: 6/6
  1851 | D:2      | Found a glowing golden altar of the Shining One.
  1964 | D:1      | Reached XP level 4. HP: 13/36 MP: 7/7
  2459 | D:2      | Reached skill level 5 in Unarmed Combat
  3049 | D:2      | Found a hide-covered altar of Uskayaw.
  3049 | D:2      | Found a stormy altar of Qazlal.
  3116 | D:2      | Learned a level 2 spell: Sticks to Snakes
  3239 | D:2      | Reached XP level 5. HP: 42/42 MP: 8/8
  3578 | D:3      | Noticed Terence
  3842 | D:3      | Found a hazy altar of Hepliaklqana.
  4018 | D:3      | Noticed Robin
  4033 | D:3      | Killed Robin
  4832 | D:4      | Reached XP level 6. HP: 42/50 MP: 7/9
  5558 | D:4      | Learned a level 3 spell: Spider Form
  5668 | D:4      | Reached skill level 3 in Transmutations
  5694 | D:4      | Found a deep blue altar of Sif Muna.
  6181 | D:4      | Your scales start taking on a fiery red colour.
  6181 | D:4      | Reached XP level 7. HP: 44/56 MP: 6/11
  6181 | D:4      | Gained mutation: Your flesh is heat resistant. (rF+) [Red Draconian growth]
  6201 | D:4      | Reached skill level 4 in Transmutations
  6444 | D:4      | Found a basalt altar of Yredelemnul.
  6628 | D:5      | Entered Level 5 of the Dungeon
  6704 | D:5      | Learned a level 5 spell: Blade Hands
  7987 | D:5      | Reached XP level 8. HP: 51/62 MP: 12/12
  8178 | D:6      | Found a staircase to the Ecumenical Temple.
  8189 | Temple   | Entered the Ecumenical Temple
  8264 | Temple   | Became a worshipper of Makhleb the Destroyer
  8522 | D:6      | Reached skill level 5 in Dodging
  9062 | D:6      | Found Siotodoumn's Weapon Boutique.
  9147 | D:6      | Bought 4 tomahawks for 22 gold pieces
  9232 | D:6      | Got a slimy hand axe
  9457 | D:6      | Reached skill level 5 in Transmutations
  9476 | D:6      | Found a bloodstained altar of Trog.
  9749 | D:6      | Reached skill level 6 in Transmutations
 10094 | D:6      | Reached XP level 9. HP: 43/68 MP: 13/15
 10553 | D:7      | Reached skill level 7 in Transmutations
 10698 | D:7      | Reached * piety under Makhleb
 10704 | D:7      | Noticed seren's ghost (novice DrTm)
 10755 | D:7      | Slain by an orc warrior

Vault maps used:
D:1:      dpeg_arrival_rooms_with_view
D:2:      gammafunk_temple_overflow_statue,
          hangedman_abyss_or_decor_lesser_grid, hangedman_abyss_or_decor_stabs,
          lemuel_tele_altar
D:3:      overflow_temple_1_default, uniq_terence, uniq_robin
D:4:      led_sif_pool, kennysheep_little_box, kennysheep_generic_room_12
D:5:      first_bread
D:6:      enter_ossuary_2, serial_shops, shop_statue, trog_ov_bears_minmay
Temple:   oiseaux_autumnal_temple

Skill      XL: |  1  2  3  4  5  6  7  8  9 |
---------------+----------------------------+-----
Unarmed Combat | 4 5 6 |  6.8
Fighting       | 2 3 |  3.2
Transmutations | 3 4 6 7 |  7.0
Spellcasting   | 3 4 |  4.0
Dodging        | 4 6 |  6.4

Action                   |  1- 3 |  4- 6 |  7- 9 || total
-------------------------+-------+-------+-------++-------
Melee: Unarmed           |   121 |   311 |   304 ||   736
       Tailslap          |     8 |    43 |    43 ||    94
       Punch             |     2 |     9 |    10 ||    21
       Headbutt          |       |     6 |     6 ||    12
       Kick              |       |    11 |    17 ||    28
Throw: Stone             |    29 |    61 |       ||    90
 Cast: Beastly Appendage |       |     9 |    11 ||    20
       Sticks to Snakes  |       |     5 |     2 ||     7
 Abil: Breathe Fire      |       |       |    14 ||    14
  Use: Scroll            |     2 |     1 |     2 ||     5
       Potion            |       |       |     4 ||     4
 Stab: Sleeping          |     1 |     1 |     1 ||     3
       Distracted        |       |     1 |       ||     1
  Eat: Chunk             |     3 |    13 |    14 ||    30
       Pizza             |       |     1 |     1 ||     2
       Beef jerky        |       |       |     1 ||     1
Armor: Skin              |    42 |    73 |    66 ||   181
Dodge: Dodged            |    68 |   175 |   224 ||   467
